 Dungeon Crawl Stone Soup version 0.29-a0-362-g5854e031c7 (webtiles) character file.

Game seed: 73368804773151514

12 Artihs the Conjurer (level 2, 0/19 HPs)
             Began as a Human Conjurer on Apr 29, 2022.
             Slain by an adder (3 damage)
             ... on level 2 of the Dungeon.
             The game lasted 00:04:23 (584 turns).

Artihs the Conjurer (Human Conjurer)                 Turns: 584, Time: 00:04:23

Health: 0/19       AC:  2    Str:  7    XL:     2   Next: 45%
Magic:  0/5        EV: 12    Int: 18    God:
Gold:   23         SH:  0    Dex: 11    Spells: 2/5 levels left

rFire   . . .      SeeInvis .   d - +0 club
rCold   . . .      Faith    .   (no shield)
rNeg    . . .      Spirit   .   a - +0 robe
rPois   .          Reflect  .   (no helmet)
rElec   .          Harm     .   (no cloak)
rCorr   .          Rampage  .   (no gloves)
Will    .....                   (no boots)
Stlth   ++........              (no amulet)
HPRegen 0.06/turn               (no ring)
MPRegen 0.09/turn               (no ring)

@: no status effects
A: no striking features
a: no special abilities


You were on level 2 of the Dungeon.
You visited 1 branch of the dungeon, and saw 2 of its levels.

You collected 23 gold pieces.

Inventory:

Hand Weapons
 d - a +0 club (weapon)
 f - a +0 dagger
Missiles
 e - 20 stones
Armour
 a - a +0 robe (worn)
Potions
 b - a potion of magic
 c - 2 potions of brilliance {unknown}


   Skills:
 + Level 0.2 Maces & Flails
 + Level 2.1 Dodging
 + Level 2.1 Stealth
 * Level 2.2 Spellcasting
 * Level 4.1 Conjurations


You had 2 spell levels left.
You knew the following spells:

 Your Spells              Type           Power      Damage    Failure   Level
a - Magic Dart            Conj           68%        1d6       3%          1
b - Searing Ray           Conj           34%        2d5       4%          2

Your spell library contained the following spells:

 Spells                   Type           Power      Damage    Failure   Level
 Dazzling Flash           Conj/Hex       18%        N/A       22%         3
 Fulminant Prism          Conj/Hex       4%         3d6       58%         4
 Iskenderun's Mystic Bla  Conj/Tloc      9%         2d4       58%         4


Dungeon Overview and Level Annotations

Branches:
Dungeon (1/15)

Altars:


Message History

The magic dart hits the quokka.
The quokka is severely wounded.
The magic dart hits the quokka.
You kill the quokka!
The frilled lizard hisses angrily.
The magic dart hits the frilled lizard.
You kill the frilled lizard!
You start resting.
Magic restored.
A sourceless malevolence fills the Dungeon...
You fall into a shaft and drop 1 floor!
The shaft crumbles and collapses.
A bat, a goblin, a ball python and a worm come into view.
Found a murky silvery potion and 11 gold pieces.
An adder comes into view.
The magic dart hits the bat but does no damage.
The bat hits you but does no damage.
The magic dart hits the worm but does no damage.
The bat hits you but does no damage. x2
The magic dart hits the worm.
The worm is lightly wounded.
The bat barely misses you. The worm bites you.
The magic dart hits the worm.
The worm is moderately wounded.
The bat misses you.
You hit the worm.
The worm is moderately wounded.
The bat hits you but does no damage. The worm completely misses you.
The magic dart hits the worm.
The worm is heavily wounded.
The bat hits you. The adder bites you. The worm bites you!
* * * LOW HITPOINT WARNING * * *
You hit the worm but do no damage.
The worm is moderately wounded.
The bat closely misses you. The adder barely misses you.
The bat hits you but does no damage. The adder barely misses you.
You barely miss the worm.
The worm is moderately wounded.
The bat hits you but does no damage. x2; The adder bites you.
You die...

#..............
...............
...............
#..............
#.$............
...............
.......S.......
#..!#.w@..#.#..
#.....b........
###.#.#........
.........##....
###.#.#..# #..
#.#.#..# . # .
.... .. .....
.. .....


You could see a worm, an adder and a bat.

Vanquished Creatures
  A dart slug (D:1)
  2 ball pythons (D:1)
  2 endoplasms (D:1)
  A quokka (D:1)
  A frilled lizard (D:1)
  A kobold (D:1)
  2 rats (D:1)
10 creatures vanquished.

Notes
Turn   | Place    | Note
-------+----------+-------------------------------------------
     0 | D:1      | Artihs the Human Conjurer began the quest for the Orb.
     0 | D:1      | Reached XP level 1. HP: 13/13 MP: 3/3
   286 | D:1      | Reached XP level 2. HP: 9/19 MP: 0/5
   449 | D:1      | Learned a level 2 spell: Searing Ray
   574 | D:1      | You fall into a shaft and drop 1 floor!
   584 | D:2      | Slain by an adder

Illustrated notes

Levels and vault maps discovered:
D:1:      dreamdust_arrival_beginning_and_end, layout_loops_ring,
          shapermc_ecumenical_altar_venn, minmay_distorted
D:2:      layout_basic, basic_altar, uniq_crazy_yiuf_cottage, uniq_natasha

Action                   || total
-------------------------++-------
Melee: Club              ||     8
 Cast: Magic Dart        ||    26
Armor: Robe              ||     8
Dodge: Dodged            ||     7

Table legend: (Time is in decaauts)
 A = Elapsed time spent in this place.
 B = Non-inter-level travel time spent in this place.
 C = Inter-level travel time spent in this place.
 D = Time resting spent in this place.
 E = Time spent auto-exploring this place.
 F = Levels seen in this place.
 G = Mean time per level.
                   A        B        C        D        E       F      G
               +--------+--------+--------+--------+--------+-----+--------+
         Total |    585 |    559 |     26 |    311 |    182 |   2 |  292.5 |
       Dungeon |    585 |    559 |     26 |    311 |    182 |   2 |  292.5 |
               +--------+--------+--------+--------+--------+-----+--------+

Top non-repeatable levels by time:
     D:1: 575 daAuts
     D:2: 10 daAuts
